 Dungeon Crawl Stone Soup version 0.19-a0-1654-g9d3f708 (webtiles) character file.

542 wazuzu the Twirler (level 7, -3/75 HPs)
             Began as a Demonspawn Gladiator on Sept 20, 2016.
             Slain by an orc
             ... wielding a +2 whip of electrocution
              (8 damage)
             ... on level 3 of the Dungeon.
             The game lasted 00:07:44 (2920 turns).

wazuzu the Twirler (Demonspawn Gladiator)           Turns: 2920, Time: 00:07:45

Health: -3/75      AC: 23    Str: 16    XL:     7   Next: 6%
Magic:  7/7        EV:  2    Int:  9    God:
Gold:   117        SH:  0    Dex: 20    Spells: 0 memorised, 6 levels left

rFire  + . .     SeeInvis .     a - +0 quarterstaff
rCold  . . .     Gourm    .     (armour currently unavailable)
rNeg   + + +     Faith    .     (shield currently unavailable)
rPois  +         Spirit   .     (helmet currently unavailable)
rElec  .         Dismiss  .     (cloak currently unavailable)
rCorr  .         Reflect  .     (gloves currently unavailable)
MR     .....     Harm     .     (boots currently unavailable)
Stlth  +++....... NoTele   +    (no amulet)
                                (no ring)
                                j - ring of protection from fire

@: agile, tree-form
A: (claws 0), demonic guardian 1, powered by pain 1
a: no special abilities


You were on level 3 of the Dungeon.
You were not hungry.
You were a tree.
You visited 1 branch of the dungeon, and saw 3 of its levels.
You also visited: Sewer.

You collected 117 gold pieces.

Inventory:

Hand Weapons
 a - a +0 quarterstaff (weapon)
Armour
 c - a cursed +0 leather armour (melded)
 e - a +2 helmet of intelligence (melded)
Jewellery
 j - a ring of protection from fire (left branch)
Scrolls
 d - 2 scrolls of identify
 g - a scroll of teleportation
 i - a scroll of remove curse {unknown}
Potions
 b - a potion of curing {unknown}
 h - a potion of lignification
Comestibles
 f - 5 bread rations
 k - a slice of pizza


   Skills:
 - Level 2.0 Fighting
 + Level 7.4 Staves
 - Level 1.7 Throwing
 - Level 2.6 Dodging


You had 6 spell levels left.
You didn't know any spells.

Dungeon Overview and Level Annotations

Branches:
Dungeon (3/15)

Altars:


Innate Abilities, Weirdness & Mutations

((You have sharp fingernails.))
A weak demonic guardian rushes to your aid.
You sometimes gain a little power by taking damage.


Message History

The orc closely misses you.
An orc comes into view.
You see here a stone.
It was a potion of lignification.
You turn into a tree.
Your +2 helmet of intelligence melds into your body.
Your cursed +0 leather armour melds into your body.
You feel stupid.
Your roots penetrate the ground.
The orc hits you but does no damage.
You are electrocuted!
* * * LOW HITPOINT WARNING * * *
The orc shouts!
You hit the orc.
The orc is heavily wounded.
You hit the orc but do no damage.
The orc is heavily wounded.
The orc hits you but does no damage.
You closely miss the orc.
The orc is heavily wounded.
The orc hits you but does no damage.
You are electrocuted!
You die...

#.# ... #.# ...
#.# ... #.# #.#
#.# #.# #.# #.#
### #.# #.# #..
#.##########.#
..#
#........♣oo.#
#o#
###########..#
#$####..
#.o######)......
#.......o.#
#.#######.#
#.......(.#
#########.# #.#
#(.


You could see 3 orcs.

Vanquished Creatures
  Sigmund (D:2)
  A bullfrog (Sewer)
  Jessica (D:3)
  A howler monkey skeleton (D:3)
  A river rat (D:3)
  9 adders
  11 oozes (Sewer)
  3 worms (D:2)
  3 dart slugs
  13 leopard geckos
  5 orcs (D:3)
  12 ball pythons (Sewer)
  9 bats
  12 giant cockroaches
  10 goblins
  6 hobgoblins
  7 jackals
  5 kobolds
  A quokka (D:3)
  13 frilled lizards
  2 rats
126 creatures vanquished.

Vanquished Creatures (collateral kills)
  An ooze (Sewer)
1 creature vanquished.

Grand Total: 127 creatures vanquished

Notes
Turn   | Place    | Note
-------+----------+-------------------------------------------
     0 | D:1      | wazuzu the Demonspawn Gladiator began the quest for the Orb.
     0 | D:1      | Reached XP level 1. HP: 16/16 MP: 1/1
    35 | D:1      | Reached skill level 3 in Staves
   332 | D:1      | Gained mutation: You have sharp fingernails. [demonic ancestry]
   332 | D:1      | Reached XP level 2. HP: 22/22 MP: 2/2
   647 | D:1      | Reached XP level 3. HP: 27/27 MP: 3/3
   983 | D:2      | Noticed Sigmund
  1036 | D:2      | Killed Sigmund
  1036 | D:2      | Reached skill level 5 in Staves
  1036 | D:2      | Gained mutation: A weak demonic guardian rushes to your aid. [demonic ancestry]
  1036 | D:2      | Reached XP level 4. HP: 27/33 MP: 4/4
  1036 | D:2      | Reached XP level 5. HP: 31/38 MP: 5/5
  1416 | D:2      | Reached skill level 6 in Staves
  1926 | D:3      | Found a glowing drain.
  1934 | D:3      | Reached XP level 6. HP: 30/44 MP: 6/6
  1945 | Sewer    | Entered a sewer
  2531 | Sewer    | Reached skill level 7 in Staves
  2784 | D:3      | Noticed Jessica
  2789 | D:3      | Killed Jessica
  2789 | D:3      | Gained mutation: You sometimes gain a little power by taking damage. [demonic ancestry]
  2789 | D:3      | Reached XP level 7. HP: 42/50 MP: 7/7
  2920 | D:3      | Slain by an orc

Vault maps used:
D:1:      lemuel_arrival_cross, serial_corexii_hall, corexii_hall_statues_u,
          corexii_hall_statues_l
D:2:      first_bread, minmay_fountain_box, uniq_sigmund
D:3:      portal_sewer_entry_b, kennysheep_jessica_study, uniq_robin
Sewer:    sewer_frog_island_02

Skill      XL: |  1  2  3  4  5  6 |
---------------+-------------------+-----
Staves         | 3 5 6 7 |  7.4
Fighting       | |  2.0
Throwing       | |  1.7
Dodging        | |  2.6

Action                   |  1- 3 |  4- 6 |  7- 9 || total
-------------------------+-------+-------+-------++-------
Melee: Quarterstaff      |    57 |   342 |    19 ||   418
  Use: Scroll            |     4 |     1 |       ||     5
       Potion            |     2 |       |     1 ||     3
 Stab: Sleeping          |     1 |       |       ||     1
       Distracted        |       |     1 |       ||     1
  Eat: Chunk             |       |     6 |     1 ||     7
Armor: Leather armour    |    17 |   140 |     8 ||   165
       Skin              |       |       |     3 ||     3
Dodge: Dodged            |    32 |   282 |    16 ||   330
